SAA
SALEM MISFITS @ MARQUETTE MINERS
07/29/2025
 
TOP OF THE 1ST
Salem Misfits batting - Pitching for Marquette Miners : RHP Bartolo Medina
Pitching: RHP Bartolo Medina
Batting: RHB Santiago Mosca 0-0: Ball
1-0: Ball
2-0: Called Strike
2-1: Ball
3-1: Foul Ball, location: 2F
3-2: Fly out, F9 (Flyball, 9S)
Batting: LHB Brent van Schoonhoven 0-0: Foul Ball, location: 2F
0-1: Foul Ball, location: 2F
0-2: Foul Ball, location: 2F
0-2: Foul Ball, location: 2F
0-2: Foul Ball, location: 2F
0-2: Foul Ball, location: 2F
0-2: Foul Ball, location: 2F
0-2: Ball
1-2: Ball
2-2: SINGLE (Groundball, 4D)
Batting: RHB Jim Unknown 0-0: Called Strike
0-1: Foul Ball, location: 2F
0-2: Foul Ball, location: 2F
0-2: Grounds into double play, 4-6-3 (Groundball, 4M)
Top of the 1st over - 0 run(s), 1 hit(s), 0 error(s), 0 left on base; Salem 0 - Marquette 0
BOTTOM OF THE 1ST
Marquette Miners batting - Pitching for Salem Misfits : LHP Jorge Cedeño
Pitching: LHP Jorge Cedeño
Batting: SHB Francisco Pérez 0-0: Fly out, F5 (Line Drive, 5L)
Batting: LHB Greg Gross 0-0: Called Strike
0-1: Foul Ball, location: 2F
0-2: Ball
1-2: Ball
2-2: Strikes out swinging
Batting: RHB Will Thomas 0-0: Ball
1-0: Ball
2-0: Called Strike
2-1: Called Strike
2-2: Ball
3-2: Foul Ball, location: 2F
3-2: Base on Balls
Batting: LHB Locke Lamora 0-0: Called Strike
0-1: Called Strike
0-2: Ball
1-2: Ball
2-2: Ball
3-2: Strikes out looking
Bottom of the 1st over - 0 run(s), 0 hit(s), 0 error(s), 1 left on base; Salem 0 - Marquette 0
TOP OF THE 2ND
Salem Misfits batting - Pitching for Marquette Miners : RHP Bartolo Medina
Batting: LHB David Breitling 0-0: Ball
1-0: Called Strike
1-1: Swinging Strike
1-2: Fly out, F5 (Line Drive, 56D)
Batting: SHB Salvador Trevino 0-0: Ball
1-0: Foul Ball, location: 2F
1-1: Foul Ball, location: 2F
1-2: Ball
2-2: Strikes out swinging
Batting: RHB Gonzalo Ángel 0-0: Called Strike
0-1: Ball
1-1: Swinging Strike
1-2: Ball
2-2: Foul Ball, location: 2F
2-2: Strikes out swinging
Top of the 2nd over - 0 run(s), 0 hit(s), 0 error(s), 0 left on base; Salem 0 - Marquette 0
BOTTOM OF THE 2ND
Marquette Miners batting - Pitching for Salem Misfits : LHP Jorge Cedeño
Batting: RHB Isaac Downey 0-0: Foul Ball, location: 2F
0-1: Ball
1-1: Swinging Strike
1-2: Ball
2-2: SOLO HOME RUN (Flyball, 7D), Distance : 416 ft
Batting: LHB Ramón Hernández 0-0: Ground out 6-3 (Groundball, 6)
Batting: RHB Jesús López 0-0: Called Strike
0-1: Ball
1-1: Ground out U3 (Groundball, 3)
Batting: LHB Propsero Lavin 0-0: Fly out, F7 (Flyball, 7LM)
Bottom of the 2nd over - 1 run(s), 1 hit(s), 0 error(s), 0 left on base; Salem 0 - Marquette 1
TOP OF THE 3RD
Salem Misfits batting - Pitching for Marquette Miners : RHP Bartolo Medina
Batting: LHB Jorge García 0-0: Ball
1-0: Ball
2-0: Called Strike
2-1: Called Strike
2-2: Ball
3-2: Foul Ball, location: 2F
3-2: Ground out 4-3 (Groundball, 4)
Batting: RHB Ramón Ávila 0-0: Ball
1-0: Called Strike
1-1: Called Strike
1-2: SINGLE (Groundball, 34D)
Batting: RHB Jim Unknown 0-0: Foul Ball, location: 2F
0-1: Ground out 6-3 (Groundball, 6S)
Ramón Ávila to second
Batting: RHB Santiago Mosca 0-0: Ball
1-0: Foul Ball, location: 2F
1-1: Ball
2-1: Foul Ball, location: 2F
2-2: Foul Ball, location: 2F
2-2: Foul Ball, location: 2F
2-2: Ball
3-2: SINGLE (Line Drive, 4D)
Ramón Ávila to third
Ramón Ávila scores
Batting: LHB Brent van Schoonhoven 0-0: Called Strike
0-1: Ball
1-1: Called Strike
1-2: Fly out, F8 (Flyball, 8RD)
Top of the 3rd over - 1 run(s), 2 hit(s), 0 error(s), 1 left on base; Salem 1 - Marquette 1
BOTTOM OF THE 3RD
Marquette Miners batting - Pitching for Salem Misfits : LHP Jorge Cedeño
Batting: LHB Dong-hwan Yun 0-0: Ball
1-0: Fly out, F8 (Flyball, 8RM)
Batting: SHB Francisco Pérez 0-0: Called Strike
0-1: Swinging Strike
0-2: Ball
1-2: Ball
2-2: Foul Ball, location: 2F
2-2: Foul Ball, location: 2F
2-2: Ground out 4-3 (Groundball, 4)
Batting: LHB Greg Gross 0-0: Ball
1-0: SINGLE (Flyball, 8RS)
Batting: RHB Will Thomas Pickoff Throw to First - Out!
Bottom of the 3rd over - 0 run(s), 1 hit(s), 0 error(s), 0 left on base; Salem 1 - Marquette 1
TOP OF THE 4TH
Salem Misfits batting - Pitching for Marquette Miners : RHP Bartolo Medina
Batting: RHB Jim Unknown 0-0: Ball
1-0: SINGLE (Groundball, 5D)
Batting: LHB David Breitling 0-0: Called Strike
0-1: Fly out, F6 (Flyball, 6D)
Batting: SHB Salvador Trevino 0-0: Called Strike
0-1: Ball
1-1: Called Strike
1-2: Ball
2-2: Ball
3-2: SINGLE (Line Drive, 7LS)
Jim Unknown to second
Jim Unknown to third
Batting: RHB Gonzalo Ángel 0-0: Ball
1-0: Ball
2-0: Ball
3-0: Base on Balls
Salvador Trevino to second
Batting: LHB Jorge García 0-0: Foul Ball, location: 2F
0-1: Ball
1-1: Ball
2-1: Foul Ball, location: 2F
2-2: Ball
3-2: Base on Balls
Jim Unknown scores
Salvador Trevino to third
Gonzalo Ángel to second
Batting: RHB Ramón Ávila 0-0: Swinging Strike
0-1: Ball
1-1: Ball
2-1: Foul Ball, location: 2F
2-2: Ball
3-2: Strikes out swinging
Batting: RHB Jim Unknown 0-0: Swinging Strike
0-1: Ball
1-1: Fly out, F7 (Line Drive, 78S)
Top of the 4th over - 1 run(s), 2 hit(s), 0 error(s), 3 left on base; Salem 2 - Marquette 1
BOTTOM OF THE 4TH
Marquette Miners batting - Pitching for Salem Misfits : LHP Jorge Cedeño
Batting: RHB Will Thomas 0-0: Ground out 4-3 (Groundball, 6MD)
Batting: LHB Locke Lamora 0-0: Called Strike
0-1: Fly out, F4 (Line Drive, 4)
Batting: RHB Isaac Downey 0-0: Ground out 5-3 (Groundball, 56S)
Bottom of the 4th over - 0 run(s), 0 hit(s), 0 error(s), 0 left on base; Salem 2 - Marquette 1
TOP OF THE 5TH
Salem Misfits batting - Pitching for Marquette Miners : RHP Bartolo Medina
Batting: RHB Santiago Mosca 0-0: Ball
1-0: Foul Ball, location: 2F
1-1: Ball
2-1: Foul Ball, location: 2F
2-2: Ground out 5-3 (Groundball, 5L)
Batting: LHB Brent van Schoonhoven 0-0: Fly out, F7 (Flyball, 7S)
Batting: RHB Jim Unknown 0-0: Ball
1-0: Foul Ball, location: 2F
1-1: Fly out, F9 (Line Drive, 9LM)
Top of the 5th over - 0 run(s), 0 hit(s), 0 error(s), 0 left on base; Salem 2 - Marquette 1
BOTTOM OF THE 5TH
Marquette Miners batting - Pitching for Salem Misfits : LHP Jorge Cedeño
Batting: LHB Ramón Hernández 0-0: Ball
1-0: Ball
2-0: Swinging Strike
2-1: Foul Ball, location: 2F
2-2: Fly out, F7 (Flyball, 78M)
Batting: RHB Jesús López 0-0: Foul Ball, location: 2F
0-1: Ball
1-1: SOLO HOME RUN (Flyball, 78XD), Distance : 461 ft
Batting: LHB Propsero Lavin 0-0: Called Strike
0-1: Ball
1-1: Called Strike
1-2: Ball
2-2: Foul Ball, location: 2F
2-2: Ball
3-2: Foul Ball, location: 2F
3-2: Foul Ball, location: 2F
3-2: Foul Ball, location: 2F
3-2: Fly out, F2 (Popup, 23)
Batting: LHB Dong-hwan Yun 0-0: Swinging Strike
0-1: Ball
1-1: Ball
2-1: Ball
3-1: Ground out 6-3 (Groundball, 6M)
Bottom of the 5th over - 1 run(s), 1 hit(s), 0 error(s), 0 left on base; Salem 2 - Marquette 2
TOP OF THE 6TH
Salem Misfits batting - Pitching for Marquette Miners : RHP Bartolo Medina
Batting: LHB David Breitling 0-0: Foul Ball, location: 2F
0-1: Fly out, F8 (Flyball, 8RS)
Batting: SHB Salvador Trevino 0-0: Ball
1-0: Ball
2-0: Called Strike
2-1: Ball
3-1: Foul Ball, location: 2F
3-2: Base on Balls
Pitching: RHP Mario Castillo
Batting: RHB Gonzalo Ángel 0-0: Swinging Strike
0-1: SINGLE (Line Drive, 78M)
Salvador Trevino to second
Batting: LHB Jorge García 0-0: Foul Ball, location: 2F
0-1: Swinging Strike
0-2: Foul Ball, location: 2F
0-2: Foul Ball, location: 2F
0-2: Fly out, F7 (Flyball, 7)
Batting: RHB Ramón Ávila 0-0: Called Strike
0-1: Ball
1-1: Foul Ball, location: 2F
1-2: Strikes out swinging
Top of the 6th over - 0 run(s), 1 hit(s), 0 error(s), 2 left on base; Salem 2 - Marquette 2
BOTTOM OF THE 6TH
Marquette Miners batting - Pitching for Salem Misfits : LHP Jorge Cedeño
Batting: SHB Francisco Pérez 0-0: Ball
1-0: Ground out 6-3 (Groundball, 6)
Batting: LHB Greg Gross 0-0: Ball
1-0: Foul Ball, location: 2F
1-1: Foul Ball, location: 2F
1-2: Foul Ball, location: 2F
1-2: Ball
2-2: Ball
3-2: Foul Ball, location: 2F
3-2: SINGLE (Line Drive, 5D)
Batting: RHB Will Thomas 0-0: Ball
1-0: Foul Ball, location: 2F
1-1: Foul Ball, location: 2F
1-2: Foul Ball, location: 2F
1-2: Ball
2-2: Ball
3-2: Foul Ball, location: 2F
3-2: Fly out, F5 (Popup, 56D)
Batting: LHB Locke Lamora 0-0: Ball
1-0: 2-RUN HOME RUN (Flyball, 89XD), Distance : 450 ft
Batting: RHB Isaac Downey 0-0: Ball
1-0: Called Strike
1-1: Ball
2-1: Called Strike
2-2: Foul Ball, location: 2F
2-2: Foul Ball, location: 2F
2-2: Ball
3-2: Base on Balls
Batting: LHB Ramón Hernández 0-0: Called Strike
Isaac Downey steals 2nd base
0-1: Ball
1-1: Swinging Strike
1-2: Foul Ball, location: 2F
1-2: Ball
2-2: Fly out, F7 (Flyball, 7S)
Bottom of the 6th over - 2 run(s), 2 hit(s), 0 error(s), 1 left on base; Salem 2 - Marquette 4
TOP OF THE 7TH
Salem Misfits batting - Pitching for Marquette Miners : RHP Mario Castillo
Batting: RHB Jim Unknown 0-0: Foul Ball, location: 2F
0-1: Ball
1-1: Foul Ball, location: 2F
1-2: Ball
2-2: Ball
3-2: Strikes out swinging
Batting: RHB Santiago Mosca 0-0: Foul Ball, location: 2F
0-1: Fly out, F8 (Flyball, 78S)
Batting: LHB Brent van Schoonhoven 0-0: Called Strike
0-1: Ball
1-1: Ball
2-1: Called Strike
2-2: Ball
3-2: Foul Ball, location: 2F
3-2: Foul Ball, location: 2F
3-2: Base on Balls
Batting: RHB Jim Unknown 0-0: Called Strike
0-1: DOUBLE (Flyball, 8LXD)
Brent van Schoonhoven to third
Runner from 3rd tries for Home, SAFE, no throw
Batting: LHB David Breitling 0-0: Ball
1-0: Ground out 5-3 (Groundball, 56S)
Top of the 7th over - 1 run(s), 1 hit(s), 0 error(s), 1 left on base; Salem 3 - Marquette 4
BOTTOM OF THE 7TH
Marquette Miners batting - Pitching for Salem Misfits : LHP Jorge Cedeño
Batting: RHB Jesús López 0-0: Ground out U3 (Groundball, 34S)
Batting: LHB Propsero Lavin 0-0: Foul Ball, location: 2F
0-1: Called Strike
0-2: Ground out 6-3 (Groundball, 6M)
Batting: LHB Dong-hwan Yun 0-0: Fly out, F8 (Line Drive, 8LS)
Bottom of the 7th over - 0 run(s), 0 hit(s), 0 error(s), 0 left on base; Salem 3 - Marquette 4
TOP OF THE 8TH
Salem Misfits batting - Pitching for Marquette Miners : RHP Mario Castillo
Pitching: LHP Joaquín Velázquez
Now at 1B: Octávio Zúñiga
Batting: SHB Salvador Trevino 0-0: Ball
1-0: SINGLE (Flyball, 4MD)
Pinch Runner at 1st Jim Unknown:
Batting: RHB Gonzalo Ángel 0-0: Ball
1-0: Sac Bunt - play at first, batter OUT! 2-4
Jim Unknown to second
Batting: LHB Jorge García 0-0: Ball
1-0: Ball
2-0: Foul Ball, location: 2F
2-1: Fly out, F7 (Flyball, 7LMF)
Batting: RHB Ramón Ávila 0-0: Swinging Strike
0-1: Ball
1-1: Foul Ball, location: 2F
1-2: Foul Ball, location: 2F
1-2: Single, Error in OF, E8, batter to second base
Jim Unknown scores
Batting: RHB Jim Unknown 0-0: Ball
1-0: Ball
2-0: Ball
3-0: Called Strike
3-1: Foul Ball, location: 2F
3-2: Base on Balls
Batting: RHB Santiago Mosca 0-0: Ball
1-0: Fly out, F7 (Line Drive, 7S)
Top of the 8th over - 1 run(s), 2 hit(s), 1 error(s), 2 left on base; Salem 4 - Marquette 4
BOTTOM OF THE 8TH
Marquette Miners batting - Pitching for Salem Misfits : LHP Jorge Cedeño
Now at 3B: Jim Unknown
Pinch Hitting: RHB Ken Little 0-0: Ball
1-0: Called Strike
1-1: Foul Ball, location: 2F
1-2: DOUBLE (Line Drive, 89D)
Pinch Hitting: RHB Gerald Ambler 0-0: Foul Ball, location: 2F
0-1: Foul Ball, location: 2F
Balk!
Ken Little to third
0-2: Ball
1-2: Foul Ball, location: 2F
1-2: Ball
2-2: Ball
3-2: Fly out, F9 (Flyball, 9S)
Batting: RHB Will Thomas 0-0: Intentional Walk
Pitching: RHP José Vargo
Pinch Hitting: LHB Dale Miller 0-0: Ball
1-0: Ball
2-0: Ground out U3 (Groundball, 34S)
Will Thomas to second
Batting: RHB Isaac Downey 0-0: Called Strike
0-1: SINGLE (Line Drive, 7S)
Ken Little scores
Will Thomas to third
Runner from 3rd tries for Home, SAFE, no throw
Batting: LHB Ramón Hernández 0-0: Ball
1-0: Swinging Strike
1-1: Ball
2-1: Swinging Strike
2-2: Strikes out swinging
Bottom of the 8th over - 2 run(s), 2 hit(s), 0 error(s), 1 left on base; Salem 4 - Marquette 6
TOP OF THE 9TH
Salem Misfits batting - Pitching for Marquette Miners : LHP Joaquín Velázquez
Pitching: RHP Jim Unknown
Now at SS: Ken Little
Now in CF: José Gómez
Now in RF: Dale Miller
Batting: LHB Brent van Schoonhoven 0-0: Called Strike
0-1: Ball
1-1: Ball
2-1: Ground out U3 (Groundball, 34)
Batting: RHB Jim Unknown 0-0: Ground out 1-3 (Groundball, 15)
Batting: LHB David Breitling 0-0: Ball
1-0: Called Strike
1-1: Called Strike
1-2: Ball
2-2: Fly out, F7 (Flyball, 7LS)
Top of the 9th over - 0 run(s), 0 hit(s), 0 error(s), 0 left on base; Salem 4 - Marquette 6
Friday, December 30th, 2016 - OOTP Baseball 17.12 Build 75